 Dungeon Crawl Stone Soup version 0.21-b1-23-g1fb0a74 (webtiles) character file.

513 shaad the Cudgeler (level 7, -1/67 HPs)
             Began as a Troll Fighter on Jan 5, 2018.
             Slain by a sky beast (6 damage)
             ... on level 6 of the Dungeon.
             The game lasted 00:38:56 (3378 turns).

shaad the Cudgeler (Troll Fighter)                  Turns: 3378, Time: 00:38:56

Health: -1/67      AC:  5    Str: 27    XL:     7   Next: 0%
Magic:  6/6        EV: 15    Int:  4    God:
Gold:   222        SH: 10    Dex: 14    Spells: 6/6 levels left

rFire    . . .     SeeInvis .   s - +4 flail
rCold    . . .     Gourm    +   c - +0 shield
rNeg     . . .     Faith    .   b - +0 robe
rPois    .         Spirit   .   (helmet restricted)
rElec    .         Reflect  .   (no cloak)
rCorr    .         Harm     .   (gloves unavailable)
MR       .....                  (boots unavailable)
Stlth    ++........             (no amulet)
HPRegen  0.61/turn              (no ring)
MPRegen  0.10/turn              (no ring)

@: agile, about to teleport
A: large, unfitting armour, claws 3, fast metabolism 3, gourmand, regeneration
1, shaggy fur 1, tough skin 2
a: no special abilities


You were on level 6 of the Dungeon.
You were not hungry.

You visited 1 branch of the dungeon, and saw 6 of its levels.

You collected 222 gold pieces.

Inventory:

Hand Weapons
 a - a +0 flail
 s - a +4 flail (weapon)
 v - a +0 whip
 y - a +0 blowgun
 z - a +0 short sword
 F - a +1 dire flail of holy wrath
 H - a +0 hunting sling
Missiles
 j - 6 needles of frenzy
 n - 14 arrows
 q - 21 bolts
 A - 8 poisoned needles
Armour
 b - a +0 robe (worn)
 c - a +0 shield (worn)
 e - a cursed +0 leather armour
 k - a +0 leather armour
 l - a +0 ring mail
 o - a +0 shield
 r - a +1 ring mail of fire resistance
 u - a +0 chain mail
 w - a +0 pair of gloves
 G - a +0 scale mail
Wands
 I - a wand of digging (14)
Scrolls
 h - a scroll of teleportation
 i - 2 scrolls of fog
 m - 3 scrolls of identify
 p - a scroll of blinking
 B - a scroll of enchant weapon {unknown}
 D - a scroll of remove curse {unknown}
Potions
 d - a potion of might
 g - 2 potions of haste
 t - 2 potions of curing
 C - a potion of agility
Comestibles
 f - 10 rations


   Skills:
 + Level 3.5 Fighting
 + Level 4.1 Maces & Flails
 + Level 3.8 Dodging
 + Level 0.3 Stealth
 + Level 3.7 Shields


You had 6 spell levels left.
You didn't know any spells.

Dungeon Overview and Level Annotations

Branches:
Dungeon (6/15)
 Temple: D:4-7

Altars:
Sif Muna


Innate Abilities, Weirdness & Mutations

You are too large for most types of armour.
You have claws for hands.
Your metabolism is lightning-fast.
You like to eat raw meat.
Your natural rate of healing is unusually fast.
You are covered in fur. (AC +1)
You have very tough skin. (AC +2)


Message History

Something shocks you.
* * * LOW HITPOINT WARNING * * *
It was a potion of curing.
You feel better. Something hits you.
* * * LOW HITPOINT WARNING * * *
Something shocks you.
* * * LOW HITPOINT WARNING * * *
You don't know any spells.
It was a potion of cancellation.
Your magical effects are unravelling.
You feel magically purged.
You feel yourself slow down.
It was a potion of agility.
You feel agile all of a sudden. You block something's attack.
You don't know any spells.
As you read the scroll of teleportation, it crumbles to dust.
You feel strangely unstable. Something hits you.
* * * LOW HITPOINT WARNING * * *
Something shocks you.
You die...

#####
#...#
#...#
#...#
#<@.#
#.{.#
#...#
+.....
#...##.
#...#
..
#...# #
#...#


There were no monsters in sight!

Vanquished Creatures
  Edmund (D:5)
  An ogre (D:4)
  A howler monkey (D:4)
  A bullfrog skeleton (D:4)
  An orc wizard (D:3)
  2 worker ants (D:4)
  5 adders
  4 oozes
  An adder skeleton (D:4)
  A dart slug (D:2)
  6 leopard geckos
  10 orcs
  6 giant cockroaches
  6 goblins
  4 hobgoblins
  5 jackals
  7 quokkas
  12 bats
  7 frilled lizards
  A jackal zombie (D:5)
  14 kobolds
  5 rats
101 creatures vanquished.

Notes
Turn   | Place    | Note
-------+----------+-------------------------------------------
     0 | D:1      | shaad the Troll Fighter began the quest for the Orb.
     0 | D:1      | Reached XP level 1. HP: 22/22 MP: 0/0
   149 | D:1      | Reached XP level 2. HP: 29/29 MP: 1/1
   314 | D:1      | Reached skill level 2 in Maces & Flails
   434 | D:1      | Reached XP level 3. HP: 36/36 MP: 2/2
   918 | D:2      | Reached XP level 4. HP: 43/44 MP: 3/3
  1057 | D:2      | Paralysed by fainting for 5 turns
  1496 | D:4      | Noticed an ogre
  1500 | D:4      | Killed an ogre
  1500 | D:4      | Reached skill level 3 in Maces & Flails
  1500 | D:4      | Reached XP level 5. HP: 50/53 MP: 4/4
  1991 | D:3      | Reached XP level 6. HP: 56/61 MP: 5/5
  2388 | D:3      | Paralysed by fainting for 9 turns
  2776 | D:5      | Entered Level 5 of the Dungeon
  2944 | D:5      | Paralysed by fainting for 6 turns
  2975 | D:5      | Paralysed by fainting for 12 turns
  3010 | D:5      | Noticed Edmund
  3023 | D:5      | Killed Edmund
  3023 | D:5      | Reached skill level 4 in Maces & Flails
  3295 | D:5      | Found a deep blue altar of Sif Muna.
  3356 | D:6      | Noticed a sky beast
  3359 | D:6      | Reached XP level 7. HP: 67/67 MP: 6/6
  3378 | D:6      | Slain by a sky beast

Skill      XL: |  1  2  3  4  5  6 |
---------------+-------------------+-----
Maces & Flails | 2 3 4 |  4.1
Shields        | 3 |  3.7
Dodging        | 3 |  3.8
Fighting       | 3 |  3.5
Stealth        | |  0.3

Action                   |  1- 3 |  4- 6 |  7- 9 || total
-------------------------+-------+-------+-------++-------
Melee: Flail             |   157 |   216 |    12 ||   385
  Use: Scroll            |       |     5 |     1 ||     6
       Potion            |       |       |     4 ||     4
 Stab: Sleeping          |     1 |       |       ||     1
       Distracted        |       |     1 |       ||     1
  Eat: Chunk             |     4 |    14 |       ||    18
       Ration            |       |     4 |       ||     4
Armor: Robe              |    86 |    96 |     3 ||   185
Dodge: Dodged            |    79 |   102 |     3 ||   184
Block: Shield            |    96 |   135 |     2 ||   233
